 Seeded DCSS version 0.31-a0-217-g58bb5d79cf (webtiles) character file.

Game seed: 13275427502194390118 (custom seed)

2 rocky1 the Chiller (level 1, 13/13 HPs)
             Began as a Merfolk Ice Elementalist on July 3, 2023.
             Quit the game on level 1 of the Dungeon.
             The game lasted 00:00:45 (165 turns).

rocky1 the Chiller (Merfolk Ice Elementalist)        Turns: 165, Time: 00:00:45

Health: 13/13      AC:  2    Str: 14    XL:     1   Next: 30%
Magic:  3/3        EV: 12    Int: 14    God:
Gold:   13         SH:  0    Dex: 14    Spells: 3/4 levels left

rFire   . . .        (no weapon)
rCold   . . .        (no shield)
rNeg    . . .        a - +0 robe
rPois   .            (no helmet)
rElec   .            (no cloak)
rCorr   .            (no gloves)
SInv    .            (no boots)
Will    .....        (no amulet)
Stlth   ++           c - +6 ring of strength
HPRegen 0.22/turn    (no ring)
MPRegen 0.08/turn

%: no passive effects
@: no status effects
A: (nimble swimmer 2), mertail
a: no special abilities


You were on level 1 of the Dungeon.
You visited 1 branch of the dungeon, and saw 1 of its levels.

You collected 13 gold pieces.

Inventory:

Armour
 a - a +0 robe (worn)
Jewellery
 c - a +6 ring of strength (left hand)
Scrolls
 d - a scroll of silence {unknown}
 e - a scroll of summoning {unknown}
Potions
 b - a potion of magic


   Skills:
 + Level 2.7 Dodging
 + Level 2.2 Stealth
 + Level 2.0 Spellcasting
 + Level 4.4 Ice Magic


You had 3 spell levels left.
You knew the following spells:

 Your Spells              Type           Power      Damage    Failure   Level
a - Freeze                Ice            52%        1d6       3%          1

Your spell library contained the following spells:

 Spells                   Type           Power      Damage    Failure   Level
 Frozen Ramparts          Ice            26%        1d4       12%         3
 Ozocubu's Armour         Ice            13%        N/A       12%         3
 Summon Ice Beast         Ice/Summ       7%         N/A       67%         4


Dungeon Overview and Level Annotations

Branches:
Dungeon (1/15)

Altars:

Shops:
D:1 :=


Innate Abilities, Weirdness & Mutations

((You are very nimble when in or above water. (Stealth+, EV+, Speed+++)))
Your lower body shifts to a powerful aquatic tail in water.


Message History

Unknown command.
Okay, then.
No target in view!
No target in view!
No target in view!
You see here a staff of death.
You now have 13 gold pieces.
A kobold comes into view. It is wielding a +0 whip.
The kobold shouts!
Casting: Freeze (safe; 4% risk of failure)
Confirm with . or Enter, or press ? or * to list all spells.
Aiming: Freeze (safe; 4% risk of failure)
Press: ? - help, Shift-Dir - straight line, f - kobold
Aim: a kobold, wielding a +0 whip You freeze the kobold!
You kill the kobold!
Unknown command.
Magic restored.
You see here a +0 whip.
Found Onlezats's Jewellery Emporium.
There is an entrance to Onlezats's Jewellery Emporium here.
Found a stone staircase leading down.
d - a scroll labelled JIUSI UMEF EBI
e - a scroll labelled SIV PEIMIAFAPN You open the door.
A kobold comes into view. It is wielding a +0 short sword.
Found Zyuqykanwy's Book Shop.
There is an open door here.
The kobold shouts!
The kobold closely misses you.
Casting: Freeze (safe; 4% risk of failure)
Confirm with . or Enter, or press ? or * to list all spells.
Aiming: Freeze (safe; 4% risk of failure)
Press: ? - help, Shift-Dir - straight line, f - kobold
Aim: a kobold, wielding a +0 short sword You freeze the kobold.
You kill the kobold!
Unknown command.
There is an entrance to Zyuqykanwy's Book Shop here.
Are you sure you want to abandon this character and quit the game? (Confirm with "yes".)

..........#..#.#.#
###...........
#.####.####. #.#
#.# ### #.####.##
#+#.# #..>....#
###...####.####..#
#...⌠..+...# ..#
#.⌠@⌠.###.#
+..⌠...##.#
##.).####.#####.#
#.#'###.........
#.###.##.#######.#
#.....#.##
######.## #.# #.#


There were no monsters in sight!

Vanquished Creatures
  2 kobolds (D:1)
2 creatures vanquished.

Notes
Turn   | Place    | Note
-------+----------+-------------------------------------------
     0 | D:1      | rocky1 the Merfolk Ice Elementalist began the quest for the
                  | Orb.
     0 | D:1      | Reached XP level 1. HP: 13/13 MP: 3/3
    80 | D:1      | Found Onlezats's Jewellery Emporium.
   148 | D:1      | Found Zyuqykanwy's Book Shop.
   165 | D:1      | Quit the game

Illustrated notes

Levels and vault maps discovered:
D:1:      erik_arrival_blinker_ship, layout_loops_ring, serial_shops, shop,
          shop, shop, nicolae_shop_rolling_square

Action                     || total
---------------------------++-------
   Cast: Freeze            ||     2
  Dodge: Dodged            ||     1

Table legend: (Time is in decaauts)
 A = Elapsed time spent in this place.
 B = Non-inter-level travel time spent in this place.
 C = Inter-level travel time spent in this place.
 D = Time resting spent in this place.
 E = Time spent auto-exploring this place.
 F = Levels seen in this place.
 G = Mean time per level.
                   A        B        C        D        E       F      G
               +--------+--------+--------+--------+--------+-----+--------+
         Total |    164 |    164 |      0 |      0 |    143 |   1 |  164.0 |
       Dungeon |    164 |    164 |      0 |      0 |    143 |   1 |  164.0 |
               +--------+--------+--------+--------+--------+-----+--------+

Top non-repeatable levels by time:
     D:1: 164 daAuts
